 Dungeon Crawl Stone Soup version 0.29.0-4-gdea44cf6ec (webtiles) character file.

Game seed: 15611247059426820580

12565 qw the Severer (level 11, -3/151 HPs)
             Began as a Minotaur Berserker on Sept 10, 2022.
             Was an Elder of Trog.
             Slain by Sonja
             ... wielding a +1 dagger of distortion
              (17 damage)
             ... on level 11 of the Dungeon.
             The game lasted 00:04:24 (13994 turns).

qw the Severer (Minotaur Berserker)                Turns: 13994, Time: 00:04:25

Health: -3/151     AC: 18    Str: 26    XL:     11   Next: 64%
Magic:  10/10      EV: 11    Int: 10    God:    Trog [****..]
Gold:   320        SH: 11    Dex: 16    Spells: 10/10 levels left

rFire   . . .      SeeInvis .   Y - +0 war axe (flame)
rCold   . . .      Faith    .   g - +0 buckler
rNeg    . . .      Spirit   .   a - +0 chain mail
rPois   .          Reflect  +   (helmet restricted)
rElec   .          Harm     .   l - +0 cloak
rCorr   .          Rampage  .   e - +2 pair of gloves
Will    .....                   j - +1 pair of boots
Stlth   ..........              d - amulet of reflection
HPRegen 0.35/turn               o - +6 ring of dexterity
MPRegen 0.12/turn               q - +6 ring of intelligence

@: berserking, lethally poisoned (-3 -> -7), slowed
A: horns 2, retaliatory headbutt
a: Renounce Religion, Berserk, Trog's Hand, Brothers in Arms


You were on level 11 of the Dungeon.
You worshipped Trog.
Trog was greatly pleased with you.
You visited 1 branch of the dungeon, and saw 11 of its levels.

You collected 599 gold pieces.
You spent 279 gold pieces at shops.


Innate Abilities, Weirdness & Mutations

You have a pair of horns on your head.
You reflexively headbutt those who attack you in melee.


   Skills:
 - Level 10.5 Fighting
 - Level 16.0 Axes
 + Level 8.8 Armour
 - Level 5.6 Dodging
 - Level 7.2 Shields


You had 10 spell levels left.
You didn't know any spells.
Your spell library was empty.

Inventory:

Hand Weapons
 Y - a +0 war axe of flaming (weapon)
Armour
 a - a +0 chain mail (worn)
 e - a +2 pair of gloves (worn)
 g - a +0 buckler (worn)
 j - a +1 pair of boots (worn)
 l - a +0 cloak (worn)
Jewellery
 d - an amulet of reflection (around neck)
 k - a ring of fire
 o - a +6 ring of dexterity (left hand)
 p - a ring of ice
 q - a +6 ring of intelligence (right hand)
 u - a ring of willpower
Scrolls
 b - 7 scrolls of identify
 n - a scroll of teleportation
Potions
 c - a potion of mutation
 f - 7 potions of curing
 h - 2 potions of might
 i - 4 potions of heal wounds
 m - a potion of cancellation

Dungeon Overview and Level Annotations

Branches:
Dungeon (11/15)            Temple (0/1) D:7            Lair (0/5) D:11
    Orc: D:9-12

Altars:
Dithmenos
Fedhas
Nemelex Xobeh
Sif Muna
Vehumet
Wu Jian
Zin

Shops:
D:2 *[   D:3 (   D:8 [(*(:   D:9 (

Annotations:
D:4 2 transporters, 1 runed translucent door, Crazy Yiuf; qw's ghost, amateur GrFi
D:7 1 runed translucent door
D:11 2 runed translucent doors, Sonja


Message History

The curare-tipped dart closely misses you.
Sonja hits you but does no damage. Space warps around you.
You block Sonja's attack. Sonja hits you but does no damage.
Space warps around you.
You miss Sonja.
Sonja is moderately wounded.
You feel very sick.
You block Sonja's attack. x2; Sonja misses you.
You completely miss Sonja.
Sonja is moderately wounded.
You feel very sick. Sonja barely misses you. You furiously retaliate!
You headbutt Sonja! Sonja hits you but does no damage.
You blink.
The kobold throws a stone.
The stone hits you but does no damage.
You feel very sick.
The kobold throws a stone.
The stone hits you but does no damage.
Sonja says, "Someone hired me to kill you, but I'm not supposed to say who."
You hit the kobold brigand. You burn the kobold brigand.
The kobold brigand is moderately wounded.
You feel sick.
The kobold brigand hits you with a +0 short sword.
Sonja drinks a potion.
Sonja is healed!
You barely miss the kobold brigand.
Your headbutt misses the kobold brigand.
The kobold brigand is moderately wounded.
You slash the kobold! You burn the kobold.
You kill the kobold!
Trog accepts your kill.
You feel sick.
The kobold brigand hits you with a +0 short sword.
You slice the kobold brigand!! You burn the kobold brigand.
You feel the power of Trog in you as your rage grows.
You kill the kobold brigand!
Trog accepts your kill.
You feel sick.
You feel sick. You block Sonja's attack. Sonja hits you but does no damage.
Space warps around you. You block Sonja's attack. Sonja closely misses you.
Sonja hits you but does no damage. Space warps around you.
Sonja hits you but does no damage. Space warps horribly around you!
You die...

#......# #..# #......#
#..# #......# #..#
##......# #..#
#.......# #..#
#..)....# #..#
#.......#######..#
#...K...>........####
#..)@............?...
#..<...............##
#......#+#####..)..#
#.......# #.....#.
#.......# #.....#.
#.......# #.....#.
#.......# #####.....#7
#........ ..........7~
#..........^..####..7P


You could see Sonja.

Vanquished Creatures
  Fannar (D:10)
  Erica (D:8)
  A hydra (D:11)
  Erolcha (D:10)
  Maurice (D:8)
  Joseph (D:8)
  Maggie (D:6)
  A gargoyle (D:10)
  Psyche (D:7)
  A troll (D:11)
  A hornet (D:9)
  2 vampires
  A wraith (D:10)
  4 fire bats (D:9)
  16 yaks
  A steam dragon (D:8)
  Grum (D:9)
  An acid dragon (D:10)
  Edmund (D:4)
  A hell hound (D:9)
  4 water moccasins
  An orc warrior (D:10)
  2 sky beasts
  3 ogres
  4 wolves (D:9)
  4 centaurs
  A phantom (D:5)
  An elf zombie (D:4)
  2 kobold brigands
  A bullfrog (D:7)
  4 scorpions
  A gnoll sergeant (D:7)
  An elf skeleton (D:4)
  9 wights
  4 killer bees (D:8)
  An electric eel (D:11)
  2 lava snakes (D:9)
  5 jellies
  9 orc priests
  4 hounds
  A gnoll bouda (D:7)
  4 iguanas
  13 orc wizards
  Ijyb (D:5)
  A human skeleton (D:4)
  5 adders
  13 gnolls
  A white imp (D:7)
  4 worms
  5 dart slugs
  33 orcs
  6 bats
  3 endoplasms
  5 giant cockroaches
  15 goblins
  9 hobgoblins
  6 jackals
  A quokka (D:3)
  A ball python (D:1)
  4 frilled lizards
  10 kobolds
  An orc skeleton (D:4)
  2 orc zombies (D:4)
  6 rats
  2 fire vortices (D:9)
254 creatures vanquished.

Vanquished Creatures (others)
  A fire vortex (D:9)
  21 plants
22 creatures vanquished.

Grand Total: 276 creatures vanquished

Notes
Turn   | Place    | Note
-------+----------+-------------------------------------------
     0 | D:1      | qw the Minotaur Berserker began the quest for the Orb.
     0 | D:1      | Reached XP level 1. HP: 19/19 MP: 0/0
     0 | D:1      | 0 ||| qw: Version: 0.1-a-116-g5d60599
     0 | D:1      | 0 ||| qw: Game counter: 7641
     0 | D:1      | 0 ||| qw: Always use a shield: true
     0 | D:1      | 0 ||| qw: Do Orc after D:15 true
     0 | D:1      | 0 ||| qw: Do second Lair branch before Depths: true
     0 | D:1      | 0 ||| qw: Lair rune preference: random
     0 | D:1      | 0 ||| qw: Plans: Normal
     0 | D:1      | 0 ||| PLANNING D:1-11
    33 | D:1      | 33 ||| INVOKING Berserk.
   259 | D:1      | Reached skill level 4 in Axes
   277 | D:1      | Found a faded altar of an unknown god.
   510 | D:1      | Reached XP level 2. HP: 26/26 MP: 1/1
   537 | D:1      | 537 ||| Stepping ~*~*~tactically~*~*~ (stealth).
   981 | D:1      | 981 ||| UPGRADING to +0 leather armour.
   991 | D:1      | 991 ||| DROPPING +0 animal skin.
   992 | D:1      | 992 ||| UPGRADING to +0 pair of boots.
   997 | D:1      | 997 ||| UPGRADING to amulet of reflection.
  1002 | D:1      | 1002 ||| READING scroll labelled EZABLA ODWIZI.
  1003 | D:1      | 1003 ||| READING scroll labelled TIBUMOCKEU.
  1004 | D:1      | 1004 ||| READING scroll labelled BANAOH WURA.
  1005 | D:1      | 1005 ||| READING scroll labelled HISSAA DUCH.
  1006 | D:1      | 1006 ||| READING scroll labelled MAAMPEU QYDEEKH.
  1034 | D:2      | 1034 ||| INVOKING Berserk.
  1042 | D:2      | 1042 ||| STAIRDANCE
  1185 | D:2      | 1185 ||| INVOKING Berserk.
  1188 | D:2      | Reached skill level 5 in Axes
  1188 | D:2      | Reached XP level 3. HP: 31/31 MP: 2/2
  1300 | D:2      | 1300 ||| INVOKING Berserk.
  1380 | D:2      | 1380 ||| Stepping ~*~*~tactically~*~*~ (stealth).
  1387 | D:2      | 1387 ||| Stepping ~*~*~tactically~*~*~ (stealth).
  1388 | D:2      | 1388 ||| Stepping ~*~*~tactically~*~*~ (stealth).
  1443 | D:2      | Found Zyuhuy Jatz's Antique Armour Emporium.
  1446 | D:2      | 1446 ||| Stepping ~*~*~tactically~*~*~ (stealth).
  1451 | D:2      | Reached XP level 4. HP: 39/39 MP: 3/3
  1453 | D:2      | Reached skill level 6 in Axes
  1467 | D:2      | 1467 ||| SHOPLISTING bloodstained ring mail (243 gold, have
                  | 103).
  1467 | D:2      | 1467 ||| SHOPLISTING buckler (121 gold, have 103).
  1467 | D:2      | 1467 ||| SHOPLISTING encrusted leather armour (189 gold,
                  | have 103).
  1467 | D:2      | 1467 ||| SHOPLISTING glowing hat (189 gold, have 103).
  1467 | D:2      | 1467 ||| SHOPLISTING ominously black robe (153 gold, have
                  | 103).
  1467 | D:2      | 1467 ||| SHOPLISTING runed leather armour (135 gold, have
                  | 103).
  1467 | D:2      | 1467 ||| SHOPLISTING scale mail (108 gold, have 103).
  1520 | D:2      | 1520 ||| Stepping ~*~*~tactically~*~*~ (stealth).
  1525 | D:2      | 1525 ||| Stepping ~*~*~tactically~*~*~ (stealth).
  1648 | D:2      | Reached ** piety under Trog
  1683 | D:2      | Found Ref Foy's General Store.
  1693 | D:2      | 1693 ||| BUYING +0 pair of gloves (63 gold).
  1693 | D:2      | Bought a +0 pair of gloves for 63 gold pieces
  1693 | D:2      | 1693 ||| BUYING potion of curing (42 gold).
  1693 | D:2      | Bought a potion of curing for 42 gold pieces
  1693 | D:2      | 1693 ||| SHOPLISTING scroll of enchant armour (105 gold,
                  | have 33).
  1746 | D:2      | 1746 ||| DROPPING +0 whip.
  1766 | D:2      | 1766 ||| Stepping ~*~*~tactically~*~*~ (hiding).
  1767 | D:2      | 1767 ||| Stepping ~*~*~tactically~*~*~ (hiding).
  2010 | D:2      | 2010 ||| UPGRADING to +0 pair of gloves.
  2015 | D:2      | 2015 ||| READING scroll labelled UHINERYTIU.
  2016 | D:2      | 2016 ||| DRINKING 2 smoky red potions.
  2017 | D:2      | 2017 ||| DRINKING 2 puce potions.
  2118 | D:2      | 2118 ||| DROPPING potion of brilliance.
  2119 | D:2      | 2119 ||| DROPPING potion of ambrosia.
  2547 | D:3      | Noticed an ogre
  2561 | D:3      | 2561 ||| INVOKING Berserk.
  2563 | D:3      | Killed an ogre
  2564 | D:3      | Reached skill level 7 in Axes
  2564 | D:3      | Reached XP level 5. HP: 38/45 MP: 4/4
  3053 | D:3      | Found Wumo's Weapon Shoppe.
  3206 | D:3      | 3206 ||| UPGRADING to +6 ring of dexterity.
  3207 | D:3      | 3207 ||| UPGRADING to +6 ring of intelligence.
  3208 | D:3      | 3208 ||| READING 2 scrolls labelled UFIUSY KIZE.
  3209 | D:3      | 3209 ||| READING 2 scrolls labelled SEGHECWIEM.
  3210 | D:3      | 3210 ||| READING scroll labelled NEUDOH JUIT.
  3211 | D:3      | 3211 ||| READING scroll labelled KYULUP NETOILI.
  3212 | D:3      | 3212 ||| READING 3 scrolls labelled NENLOL OGYSS.
  3213 | D:3      | 3213 ||| READING scroll labelled ETZATI XOAPH.
  3218 | D:3      | 3218 ||| DRINKING 3 black potions.
  3219 | D:3      | 3219 ||| READING 3 scrolls of identify.
  3219 | D:3      | 3219 ||| IDENTIFYING bubbling sapphire potion
  3220 | D:3      | 3220 ||| READING 2 scrolls of identify.
  3220 | D:3      | 3220 ||| IDENTIFYING coppery potion
  3221 | D:3      | 3221 ||| DROPPING potion of magic.
  3222 | D:3      | 3222 ||| DROPPING potion of degeneration.
  3223 | D:3      | 3223 ||| DROPPING scroll of immolation.
  3224 | D:3      | 3224 ||| DROPPING scroll of fear.
  3225 | D:3      | 3225 ||| DROPPING 2 scrolls of amnesia.
  3239 | D:4      | 3239 ||| PLANNING OSSUARY
  3260 | D:4      | You fall into a shaft and drop 1 floor!
  3260 | D:5      | Entered Level 5 of the Dungeon
  3272 | D:5      | 3272 ||| INVOKING Berserk.
  3278 | D:5      | Reached XP level 6. HP: 53/53 MP: 5/5
  3428 | D:5      | 3428 ||| INVOKING Berserk.
  3430 | D:5      | Reached skill level 8 in Axes
  3584 | D:4      | 3584 ||| INVOKING Berserk.
  3594 | D:4      | Reached *** piety under Trog
  3782 | D:4      | 3782 ||| INVOKING Berserk.
  3912 | D:4      | 3912 ||| Stepping ~*~*~tactically~*~*~ (hiding).
  3913 | D:4      | 3913 ||| Stepping ~*~*~tactically~*~*~ (hiding).
  3918 | D:4      | 3918 ||| INVOKING Berserk.
  3953 | D:4      | 3953 ||| Stepping ~*~*~tactically~*~*~ (stealth).
  3957 | D:4      | 3957 ||| Stepping ~*~*~tactically~*~*~ (stealth).
  3959 | D:4      | 3959 ||| Stepping ~*~*~tactically~*~*~ (stealth).
  3960 | D:4      | 3960 ||| Stepping ~*~*~tactically~*~*~ (stealth).
  3963 | D:4      | 3963 ||| Stepping ~*~*~tactically~*~*~ (stealth).
  3966 | D:4      | 3966 ||| Stepping ~*~*~tactically~*~*~ (stealth).
  3967 | D:4      | 3967 ||| Stepping ~*~*~tactically~*~*~ (stealth).
  3971 | D:4      | 3971 ||| Stepping ~*~*~tactically~*~*~ (stealth).
  3972 | D:4      | 3972 ||| Stepping ~*~*~tactically~*~*~ (stealth).
  3973 | D:4      | 3973 ||| Stepping ~*~*~tactically~*~*~ (stealth).
  3982 | D:4      | 3982 ||| Stepping ~*~*~tactically~*~*~ (stealth).
  3983 | D:4      | 3983 ||| Stepping ~*~*~tactically~*~*~ (stealth).
  3985 | D:4      | 3985 ||| Stepping ~*~*~tactically~*~*~ (stealth).
  3986 | D:4      | 3986 ||| RIP OSSUARY
  3987 | D:4      | 3987 ||| PLANNING D:1-11
  4082 | D:4      | 4082 ||| Stepping ~*~*~tactically~*~*~ (stealth).
  4085 | D:4      | Reached skill level 9 in Axes
  4163 | D:4      | Noticed a wyvern
  4163 | D:4      | Noticed qw's ghost (amateur GrFi)
  4164 | D:4      | Found a transporter.
  4257 | D:4      | Found a transporter.
  4288 | D:4      | Found a runed translucent door.
  4289 | D:4      | Noticed Crazy Yiuf
  4356 | D:4      | Found a blossoming altar of Fedhas.
  4377 | D:4      | Noticed a water moccasin
  4390 | D:4      | 4390 ||| INVOKING Berserk.
  4392 | D:4      | Killed a water moccasin
  4393 | D:4      | Reached skill level 3 in Dodging
  4393 | D:4      | Reached XP level 7. HP: 34/60 MP: 6/6
  4400 | D:4      | HP: 15/60 [poisoned by a water moccasin]
  4722 | D:4      | Noticed Edmund
  4727 | D:4      | 4727 ||| INVOKING Berserk.
  4732 | D:4      | Killed Edmund
  4851 | D:4      | 4851 ||| DROPPING +0 flail.
  5084 | D:4      | 5084 ||| UPGRADING to +1 robe of fire resistance.
  5094 | D:4      | 5094 ||| UPGRADING to +0 scale mail.
  5104 | D:4      | 5104 ||| DROPPING +1 robe of fire resistance.
  5105 | D:4      | 5105 ||| DROPPING +0 leather armour.
  5106 | D:4      | 5106 ||| READING 4 scrolls of identify.
  5106 | D:4      | 5106 ||| IDENTIFYING golden potion
  5107 | D:4      | 5107 ||| READING 3 scrolls of identify.
  5107 | D:4      | 5107 ||| IDENTIFYING bubbling dark potion
  5108 | D:4      | 5108 ||| DROPPING potion of attraction.
  5189 | D:5      | 5189 ||| INVOKING Berserk.
  5327 | D:5      | Reached skill level 10 in Axes
  5501 | D:5      | 5501 ||| INVOKING Berserk.
  5504 | D:5      | Reached skill level 3 in Armour
  5651 | D:5      | 5651 ||| INVOKING Berserk.
  5654 | D:5      | Reached XP level 8. HP: 70/70 MP: 7/7
  5656 | D:5      | Reached skill level 6 in Fighting
  5656 | D:5      | Noticed Ijyb
  5663 | D:5      | Killed Ijyb
  6042 | D:5      | Found a shadowy altar of Dithmenos.
  6052 | D:5      | 6052 ||| Stepping ~*~*~tactically~*~*~ (hiding).
  6185 | D:5      | Reached skill level 11 in Axes
  6415 | D:5      | 6415 ||| UPGRADING to +0 chain mail.
  6425 | D:5      | 6425 ||| DROPPING +0 scale mail.
  6426 | D:5      | 6426 ||| READING scroll labelled DEUL ZESATRUCITAI.
  6427 | D:5      | 6427 ||| READING 5 scrolls of identify.
  6427 | D:5      | 6427 ||| IDENTIFYING clear potion
  6428 | D:5      | 6428 ||| READING 4 scrolls of identify.
  6428 | D:5      | 6428 ||| IDENTIFYING lumpy clear potion
  6429 | D:5      | 6429 ||| DROPPING potion of lignification.
  6470 | D:6      | 6470 ||| Stepping ~*~*~tactically~*~*~ (hiding).
  6471 | D:6      | 6471 ||| Stepping ~*~*~tactically~*~*~ (hiding).
  6472 | D:6      | 6472 ||| Stepping ~*~*~tactically~*~*~ (hiding).
  6474 | D:6      | 6474 ||| INVOKING Berserk.
  6630 | D:6      | 6630 ||| INVOKING Berserk.
  6785 | D:6      | Reached skill level 12 in Axes
  7293 | D:6      | Noticed Maggie
  7318 | D:6      | Killed Maggie
  7319 | D:6      | Reached XP level 9. HP: 54/81 MP: 8/8
  7747 | D:7      | 7747 ||| Stepping ~*~*~tactically~*~*~ (stealth).
  7748 | D:7      | 7748 ||| Stepping ~*~*~tactically~*~*~ (stealth).
  7752 | D:7      | 7752 ||| Stepping ~*~*~tactically~*~*~ (hiding).
  7753 | D:7      | 7753 ||| Stepping ~*~*~tactically~*~*~ (hiding).
  7757 | D:7      | 7757 ||| INVOKING Berserk.
  7791 | D:7      | 7791 ||| Stepping ~*~*~tactically~*~*~ (stealth).
  7797 | D:7      | 7797 ||| Stepping ~*~*~tactically~*~*~ (stealth).
  7798 | D:7      | 7798 ||| Stepping ~*~*~tactically~*~*~ (stealth).
  7799 | D:7      | 7799 ||| Stepping ~*~*~tactically~*~*~ (stealth).
  7834 | D:7      | 7834 ||| SWAPPING to +0 war axe.
  7835 | D:7      | 7835 ||| DROPPING +0 hand axe of protection.
  7849 | D:7      | 7849 ||| FLEEEEING.
  7850 | D:7      | 7850 ||| FLEEEEING.
  7851 | D:7      | 7851 ||| FLEEEEING.
  7869 | D:7      | 7869 ||| INVOKING Berserk.
  8055 | D:7      | Found a runed translucent door.
  8055 | D:7      | Noticed a sixfirhy
  8091 | D:7      | 8091 ||| INVOKING Berserk.
  8098 | D:7      | Reached skill level 13 in Axes
  8159 | D:7      | 8159 ||| Stepping ~*~*~tactically~*~*~ (hiding).
  8163 | D:7      | 8163 ||| INVOKING Berserk.
  8485 | D:7      | Found a staircase to the Ecumenical Temple.
  8491 | D:7      | 8491 ||| Stepping ~*~*~tactically~*~*~ (hiding).
  8493 | D:7      | 8493 ||| INVOKING Berserk.
  8886 | D:7      | 8886 ||| UPGRADING to +0 buckler.
  8900 | D:8      | Noticed Psyche
  8900 | D:8      | Found Toxtur's Antique Armour Shop.
  8901 | D:8      | 8901 ||| STAIRDANCE
  8903 | D:7      | 8903 ||| INVOKING Berserk.
  8915 | D:7      | Killed Psyche
  8916 | D:7      | Reached skill level 3 in Shields
  9112 | D:8      | 9112 ||| STAIRDANCE
  9114 | D:7      | 9114 ||| INVOKING Berserk.
  9239 | D:8      | 9239 ||| INVOKING Berserk.
  9265 | D:8      | 9265 ||| Stepping ~*~*~tactically~*~*~ (stealth).
  9266 | D:8      | 9266 ||| Stepping ~*~*~tactically~*~*~ (hiding).
  9267 | D:8      | 9267 ||| Stepping ~*~*~tactically~*~*~ (hiding).
  9389 | D:8      | Found Tueqatudgh's Assorted Antiques.
  9394 | D:8      | 9394 ||| READING scroll of brand weapon.
  9394 | D:8      | 9394 ||| BRANDING +0 war axe.
  9395 | D:8      | 9395 ||| DROPPING +6 antimagic flail.
  9406 | D:8      | 9406 ||| BUYING potion of heal wounds (145 gold).
  9406 | D:8      | Bought a potion of heal wounds for 145 gold pieces
  9406 | D:8      | 9406 ||| SHOPLISTING potion of heal wounds (145 gold, have
                  | 71).
  9406 | D:8      | 9406 ||| SHOPLISTING potion of might (116 gold, have 71).
  9406 | D:8      | 9406 ||| BUYING scroll labelled XUACEK YSIXKY (29 gold).
  9406 | D:8      | Bought a scroll labelled XUACEK YSIXKY for 29 gold pieces
  9406 | D:8      | 9406 ||| SHOPLISTING scroll of teleportation (87 gold, have
                  | 42).
  9406 | D:8      | 9406 ||| SHOPLISTING tower shield (130 gold, have 42).
  9415 | D:8      | 9415 ||| SHOPLISTING runed hat (210 gold, have 42).
  9415 | D:8      | 9415 ||| SHOPLISTING runed ring mail (210 gold, have 42).
  9415 | D:8      | 9415 ||| SHOPLISTING shiny plate armour (780 gold, have
                  | 42).
  9417 | D:8      | Found an ornate altar of the Wu Jian Council.
  9437 | D:8      | Noticed Erica
  9438 | D:8      | 9438 ||| INVOKING Berserk.
  9444 | D:8      | Killed Erica
  9445 | D:8      | Reached skill level 6 in Shields
  9445 | D:8      | Reached XP level 10. HP: 88/88 MP: 9/9
  9507 | D:8      | Found a radiant altar of Vehumet.
  9507 | D:8      | Found a sparkling altar of Nemelex Xobeh.
  9629 | D:8      | Noticed Joseph
  9630 | D:8      | 9630 ||| FLEEEEING.
  9631 | D:8      | 9631 ||| FLEEEEING.
  9632 | D:8      | 9632 ||| FLEEEEING.
  9633 | D:8      | 9633 ||| FLEEEEING.
  9634 | D:8      | 9634 ||| FLEEEEING.
  9635 | D:8      | 9635 ||| FLEEEEING.
  9636 | D:8      | 9636 ||| FLEEEEING.
  9640 | D:8      | 9640 ||| FLEEEEING.
  9641 | D:8      | 9641 ||| FLEEEEING.
  9642 | D:8      | 9642 ||| FLEEEEING.
  9643 | D:8      | 9643 ||| FLEEEEING.
  9644 | D:8      | 9644 ||| FLEEEEING.
  9645 | D:8      | 9645 ||| FLEEEEING.
  9649 | D:8      | 9649 ||| STAIRDANCE
  9757 | D:7      | 9757 ||| UPGRADING to +0 cloak.
  9762 | D:7      | 9762 ||| READING scroll labelled XUACEK YSIXKY.
  9775 | D:8      | 9775 ||| Stepping ~*~*~tactically~*~*~ (hiding).
  9786 | D:8      | Killed Joseph
  9883 | D:8      | Found Uno Ifup's Weapon Boutique.
  9886 | D:8      | 9886 ||| SHOPLISTING +6 war axe of qw's Slow Death {flame,
                  | rCorr Str+3 Int-2} (663 gold, have 58).
  9915 | D:8      | Reached skill level 6 in Armour
  9936 | D:8      | 9936 ||| READING scroll of enchant armour.
  9936 | D:8      | 9936 ||| ENCHANTING +0 pair of gloves.
  9960 | D:8      | 9960 ||| INVOKING Berserk.
 10018 | D:8      | Found Ohem's Book Shoppe.
 10154 | D:8      | Found a glowing silver altar of Zin.
 10165 | D:8      | Noticed Maurice
 10170 | D:8      | Reached skill level 14 in Axes
 10182 | D:8      | 10182 ||| Stepping ~*~*~tactically~*~*~ (hiding).
 10184 | D:8      | Killed Maurice
 10400 | D:8      | Found a shimmering blue altar of Sif Muna.
 10407 | D:8      | 10407 ||| Stepping ~*~*~tactically~*~*~ (stealth).
 10420 | D:8      | 10420 ||| Stepping ~*~*~tactically~*~*~ (hiding).
 10505 | D:8      | 10505 ||| INVOKING Berserk.
 10648 | D:8      | 10648 ||| READING scroll of enchant armour.
 10648 | D:8      | 10648 ||| ENCHANTING +1 pair of gloves.
 10683 | D:8      | Found Dyafurus's Weapon Shop.
 10693 | D:8      | 10693 ||| READING scroll labelled QIYTIONKUM.
 10871 | D:8      | 10871 ||| READING 6 scrolls of identify.
 10871 | D:8      | 10871 ||| IDENTIFYING bubbling puce potion
 10872 | D:8      | 10872 ||| DROPPING potion of berserk rage.
 10964 | D:9      | Found Uraul's Weapon Shoppe.
 11041 | D:9      | 11041 ||| FLEEEEING.
 11042 | D:9      | 11042 ||| FLEEEEING.
 11043 | D:9      | 11043 ||| STAIRDANCE
 11145 | D:8      | 11145 ||| READING 5 scrolls of identify.
 11145 | D:8      | 11145 ||| IDENTIFYING fizzy pink potion
 11149 | D:9      | 11149 ||| Stepping ~*~*~tactically~*~*~ (hiding).
 11154 | D:9      | 11154 ||| Stepping ~*~*~tactically~*~*~ (stealth).
 11159 | D:9      | 11159 ||| Stepping ~*~*~tactically~*~*~ (stealth).
 11162 | D:9      | 11162 ||| Stepping ~*~*~tactically~*~*~ (hiding).
 11167 | D:9      | 11167 ||| Stepping ~*~*~tactically~*~*~ (hiding).
 11311 | D:9      | Reached skill level 15 in Axes
 11311 | D:9      | 11311 ||| Stepping ~*~*~tactically~*~*~ (stealth).
 11316 | D:9      | Reached **** piety under Trog
 11321 | D:9      | 11321 ||| FLEEEEING.
 11322 | D:9      | 11322 ||| FLEEEEING.
 11323 | D:9      | 11323 ||| FLEEEEING.
 11324 | D:9      | 11324 ||| FLEEEEING.
 11325 | D:9      | 11325 ||| FLEEEEING.
 11326 | D:9      | 11326 ||| FLEEEEING.
 11327 | D:9      | 11327 ||| FLEEEEING.
 11328 | D:9      | 11328 ||| FLEEEEING.
 11329 | D:9      | 11329 ||| FLEEEEING.
 11331 | D:9      | 11331 ||| FLEEEEING.
 11332 | D:9      | 11332 ||| FLEEEEING.
 11333 | D:9      | 11333 ||| FLEEEEING.
 11334 | D:9      | 11334 ||| FLEEEEING.
 11335 | D:9      | 11335 ||| FLEEEEING.
 11336 | D:9      | 11336 ||| FLEEEEING.
 11342 | D:9      | 11342 ||| FLEEEEING.
 11343 | D:9      | 11343 ||| FLEEEEING.
 11344 | D:9      | 11344 ||| FLEEEEING.
 11345 | D:9      | 11345 ||| FLEEEEING.
 11346 | D:9      | 11346 ||| FLEEEEING.
 11347 | D:9      | 11347 ||| FLEEEEING.
 11348 | D:9      | 11348 ||| STAIRDANCE
 11484 | D:9      | 11484 ||| Stepping ~*~*~tactically~*~*~ (stealth).
 11503 | D:9      | Reached skill level 9 in Fighting
 11696 | D:9      | 11696 ||| Stepping ~*~*~tactically~*~*~ (stealth).
 12136 | D:9      | Noticed Grum
 12139 | D:9      | 12139 ||| INVOKING Berserk.
 12152 | D:9      | Reached XP level 11. HP: 97/97 MP: 10/10
 12154 | D:9      | Killed Grum
 12331 | D:10     | Entered Level 10 of the Dungeon
 12333 | D:10     | 12333 ||| STAIRDANCE
 12337 | D:10     | 12337 ||| STAIRDANCE
 12345 | D:9      | Reached skill level 16 in Axes
 12421 | D:10     | Noticed Fannar
 12431 | D:10     | Killed Fannar
 12486 | D:10     | 12486 ||| Stepping ~*~*~tactically~*~*~ (hiding).
 12491 | D:10     | 12491 ||| Stepping ~*~*~tactically~*~*~ (hiding).
 12882 | D:10     | Noticed Erolcha
 12883 | D:10     | 12883 ||| INVOKING Trog's Hand.
 12885 | D:10     | 12885 ||| INVOKING Berserk.
 12901 | D:10     | Killed Erolcha
 13324 | D:11     | Found a staircase to the Lair.
 13329 | D:11     | 13329 ||| READING scroll of enchant armour.
 13329 | D:11     | 13329 ||| ENCHANTING +0 pair of boots.
 13376 | D:11     | Noticed an eight-headed hydra
 13381 | D:11     | 13381 ||| INVOKING Berserk.
 13384 | D:11     | Killed a five-headed hydra
 13526 | D:11     | Found a runed translucent gate.
 13527 | D:11     | Found a runed translucent gate.
 13554 | D:11     | 13554 ||| INVOKING Berserk.
 13706 | D:11     | 13706 ||| INVOKING Berserk.
 13836 | D:11     | 13836 ||| DRINKING 8 potions of curing.
 13836 | D:11     | 13836 ||| (to cure confusion)
 13973 | D:11     | Noticed Sonja
 13987 | D:11     | 13987 ||| INVOKING Berserk.
 13988 | D:11     | HP: 37/151 [poisoned by a kobold brigand (curare-tipped
                  | dart)]
 13993 | D:11     | HP: 23/151 [poisoned by a kobold brigand (curare-tipped
                  | dart)]
 13994 | D:11     | Slain by Sonja

Levels and vault maps discovered:
D:1:      psy_arrival_fountain, layout_loops_cross,
          chequers_ecumenical_altar_simple_redux
D:2:      layout_rooms, serial_shops, nicolae_diamond_shop, shop
D:3:      layout_basic, serial_shops, nicolae_lakefront_shop, kennysheep_nub,
          minmay_ogre_servants
D:4:      dreamdust_elfheim, layout_basic, mainiacjoe_overflow_tiny_flanked,
          nicolae_ossuary_entry_catacombs, gammafunk_ghost_arena,
          corexii_item_surrounded_by_moat, chequers_garden, uniq_edmund,
          uniq_crazy_yiuf_cottage
D:5:      layout_gridville, nicolae_overflow_crystal_walls,
          guppyfry_early_lair_pool, uniq_ijyb
D:6:      layout_basic, grunt_ministairs_13, uniq_maggie
D:7:      cheibrodos_shockbox, layout_loops_cross,
          minmay_temple_entry_mini_moons, nicolae_grassy_gnolls
D:8:      wad_crossroads, layout_basic, mainiacjoe_overflow_boulevard,
          lemuel_crystal_altar, amethyst_overflow_temple_binary,
          old_standard_altar, serial_shops, shop, nicolae_shop_behind_doors,
          shop, nicolae_lakefront_shop, shop, uniq_joseph, uniq_erica,
          uniq_maurice, uniq_psyche
D:9:      layout_roguey, serial_shops, nicolae_shop_bloodbath_and_beyond,
          corexii_leaking_fountain, hangedman_incinerator, uniq_grum
D:10:     layout_small_grid, kennysheep_doodads, uniq_fannar, uniq_erolcha
D:11:     layout_irregular_city, lair_entry_dummy, gammafunk_ghost_cemetery,
          serial_bayou, serial_bayou_ford_a, serial_bayou_pond_a,
          serial_bayou_lagoon_a, uniq_sonja

Skill      XL: |  1  2  3  4  5  6  7  8  9 10 11 |
---------------+----------------------------------+-----
Axes           | 4 5 7 9 10 12 13 15 16 | 16.0
Fighting       | 4 5 8 9 10 | 10.5
Dodging        | 3 4 5 |  5.6
Armour         | 3 4 5 7 8 |  8.8
Shields        | 6 7 |  7.2

Action                   |  1- 3 |  4- 6 |  7- 9 | 10-12 || total
-------------------------+-------+-------+-------+-------++-------
Melee: Hand axe          |    56 |   165 |   185 |       ||   406
       Headbutt          |     9 |    23 |    61 |    43 ||   136
       Punch             |       |     1 |     4 |       ||     5
       Unarmed           |       |       |     2 |       ||     2
       War axe           |       |       |   104 |   229 ||   333
Invok: Berserk           |     4 |     7 |    15 |     8 ||    34
       Trog's Hand       |       |       |       |     1 ||     1
  Use: Scroll            |     5 |     9 |     6 |     7 ||    27
       Potion            |       |     3 |       |     1 ||     4
Armor: Animal skin       |     4 |       |       |       ||     4
       Leather armour    |     2 |    30 |    10 |       ||    42
       Scale mail        |       |       |    20 |       ||    20
       Chain mail        |       |       |    55 |    72 ||   127
Dodge: Dodged            |    20 |    59 |    65 |    74 ||   218
Block: Other             |     6 |    23 |    25 |       ||    54
       Reflection        |     1 |       |     1 |     5 ||     7
       Buckler           |       |       |     8 |    87 ||    95

Table legend:
 A = Non-vault XP
 B = Vault XP
 C = Vault XP percentage of total XP
 D = Non-vault monster count
 E = Vault monster count
 F = Vault count percentage of total count
                 A         B        C        D         E       F
            +---------+---------+-------+---------+---------+-------
      Total |   10887 |    7064 |  39.4 |     203 |      49 |  19.4
            +---------+---------+-------+---------+---------+-------
        D:1 |      24 |       0 |   0.0 |      16 |       0 |   0.0
        D:2 |     112 |       0 |   0.0 |      28 |       0 |   0.0
        D:3 |      38 |     136 |  78.2 |      13 |       9 |  40.9
        D:4 |     449 |     370 |  45.2 |      23 |       7 |  23.3
        D:5 |     975 |      48 |   4.7 |      21 |       2 |   8.7
        D:6 |     404 |     499 |  55.3 |       6 |       4 |  40.0
        D:7 |    1455 |     530 |  26.7 |      35 |       6 |  14.6
        D:8 |     929 |    2044 |  68.8 |      17 |       7 |  29.2
        D:9 |    2116 |    1700 |  44.5 |      17 |      12 |  41.4
       D:10 |    2854 |    1737 |  37.8 |      20 |       2 |   9.1
       D:11 |    1531 |       0 |   0.0 |       7 |       0 |   0.0
            +---------+---------+-------+---------+---------+-------
